AoeStats
← lordmorto

Nomad

505946293Analyzed
2v2 RM · 19d ago on Sep 11, 2026· 37m 39s· 4 players
Game mode
Random Map
Map size
176×176
Population
200
Speed
Normal
Resources
Standard
Victory
Conquest
Starting age
Dark Age
Ending age
Imperial Age
RankedLock teamsTeams togetherTeam positionsShared explorationLock speedFull tech treeHidden civsTurbo modeCheats
Victory
Defeat
🇩🇪 Magyars · Germany
1086
+16
🇦🇷 Saracens · Argentina
1059
+18
🇵🇹 Bengalis · Portugal
1084
-17
🇨🇭 Malians · Switzerland
1084
-17
Producto.Machete
12:51 Loom
15:16 Feudal Age
16:25 Double-Bit Axe
19:16 Castle Age
17:44 Stone Mining
18:48 Horse Collar
20:38 Bow Saw
22:31 Town Watch
26:38 Wheelbarrow
26:50 Fletching
27:33 Bodkin Arrow
29:02 Padded Archer Armor
29:49 Ballistics
28:56 Elite Skirmisher
32:02 Hand Cart
32:44 Fervor
32:16 Treadmill Crane
33:39 Gold Mining
34:53 Masonry
34:38 Murder Holes
35:25 Thumb Ring
35:31 Husbandry
35:41 Bloodlines
35:38 Scale Barding Armor
36:45 Forging
39:42 Imperial Age
t_ass91
5:15 Loom
15:43 Feudal Age
16:32 Double-Bit Axe
21:19 Castle Age
20:39 Gold Mining
21:15 Scale Barding Armor
22:25 Medium Warships
24:33 Husbandry
24:58 Chain Barding Armor
25:51 Bloodlines
26:04 Horse Collar
26:28 Fletching
27:06 Bodkin Arrow
32:34 Wheelbarrow
39:02 Imperial Age
lordmorto
9:34 Loom
15:01 Feudal Age
17:04 Double-Bit Axe
19:07 Horse Collar
22:02 Castle Age
20:27 Gold Mining
23:03 Bloodlines
23:07 Heavy Plow
23:37 Husbandry
23:49 Scale Barding Armor
24:59 Chain Barding Armor
24:50 Forging
25:53 Gold Shaft Mining
28:42 Wheelbarrow
29:38 Iron Casting
30:46 Hand Cart
bvq
5:15 Loom
15:06 Feudal Age
16:22 Double-Bit Axe
16:52 Gold Mining
18:45 Town Watch
22:22 Castle Age
20:20 Fletching
22:01 Padded Archer Armor
23:16 Crossbowman
25:48 Bodkin Arrow
36:51 Imperial Age
36:34 Wheelbarrow
36:02 Pikeman
37:01 Halberdier
Connection lost

Rejoining the realm…

Still unreachable

The connection could not be restored.

Session expired

The server has moved on; the page needs a fresh start.